 Dungeon Crawl Stone Soup version 0.19-a0-1821-g42c593c (webtiles) character file.

3968 Fraydo the Carver (level 10, -1/91 HPs)
             Began as a Minotaur Gladiator on Oct 7, 2016.
             Was a Follower of Okawaru.
             Slain by a komodo dragon (23 damage)
             ... on level 9 of the Dungeon.
             The game lasted 00:14:25 (6242 turns).

Fraydo the Carver (Minotaur Gladiator)              Turns: 6242, Time: 00:14:26

Health: -1/91      AC:  6    Str: 21    XL:     10   Next: 2%
Magic:  9/9        EV: 14    Int:  5    God:    Okawaru [*.....]
Gold:   418        SH:  0    Dex: 13    Spells: 0 memorised, 9 levels left

rFire  + + .     SeeInvis .     a - +1 long sword
rCold  . . .     Gourm    .     y - +2 leather armour of the Seven Blessings {+Blink rElec rF++ rCorr}
rNeg   . . .     Faith    .     (no shield)
rPois  .         Spirit   .     c - +0 hat
rElec  +         Dismiss  .     w - +0 cloak
rCorr  +         Reflect  .     (no gloves)
MR     +....     Harm     .     (no boots)
Stlth  +.........               i - amulet of rage
                                r - ring of resist corrosion
                                p - ring of protection from magic

@: no status effects
A: retaliatory headbutt, horns 2
a: Heroism, Renounce Religion, Evoke Blink, Evoke Berserk Rage


You were on level 9 of the Dungeon.
You worshipped Okawaru.
Okawaru was aware of your devotion.
You were not hungry.

You visited 2 branches of the dungeon, and saw 10 of its levels.

You collected 418 gold pieces.

Inventory:

Hand Weapons
 a - a +1 long sword (weapon)
Missiles
 d - 3 throwing nets (quivered)
Armour
 c - a +0 hat (worn)
 w - a +0 cloak (worn)
 y - the +2 leather armour of the Seven Blessings (worn) {+Blink rElec rF++ rCorr}
   (You found it on level 4 of the Dungeon)

   It greatly protects you from fire.
   It insulates you from electricity.
   It lets you blink.
   It protects you from acid and corrosion.
 G - a +0 large shield
 L - a +0 plate armour
Jewellery
 i - an amulet of rage (around neck)
 p - a ring of protection from magic (left hand)
 r - a ring of resist corrosion (right hand)
 C - an uncursed amulet of guardian spirit
Wands
 K - a wand of enslavement (6/24)
Scrolls
 b - 6 scrolls of fear {unknown}
 e - 7 scrolls of identify
 g - a scroll of enchant weapon
 h - 4 scrolls of remove curse
 j - 4 scrolls of teleportation
 n - 3 scrolls of amnesia
 o - 4 scrolls of fog {unknown}
 A - 2 scrolls of blinking {unknown}
 D - a scroll of magic mapping {unknown}
 F - a scroll of recharging {unknown}
 I - a scroll of noise {unknown}
Potions
 k - 2 potions of curing {unknown}
 l - a potion of lignification {unknown}
 m - a potion of resistance {unknown}
 q - a potion of degeneration {unknown}
 s - a potion of mutation {unknown}
 u - 4 potions of might
 v - a potion of ambrosia {unknown}
 z - a potion of invisibility {unknown}
 B - 3 potions of berserk rage {unknown}
 J - a potion of haste {unknown}
Comestibles
 f - 6 bread rations
 t - 2 beef jerkies
 x - 4 fruits
 H - a meat ration


   Skills:
 - Level 9.0 Fighting
 * Level 13.5 Long Blades
 - Level 2.0 Throwing
 + Level 4.1 Armour
 + Level 5.0 Dodging


You had 9 spell levels left.
You didn't know any spells.

Dungeon Overview and Level Annotations

Branches:
Dungeon (9/15)             Temple (1/1) D:4
   Lair: D:8-11         Orc: D:9-12

Altars:
Ashenzari
Cheibriados
Dithmenos
Elyvilon
Fedhas
Gozag
Hepliaklqana
Kikubaaqudgha
Makhleb
Nemelex Xobeh
Okawaru
Qazlal
Ru
Sif Muna
Trog
Uskayaw
Vehumet
Xom
Yredelemnul
Zin
The Shining One


Innate Abilities, Weirdness & Mutations

You reflexively headbutt those who attack you in melee.
You have a pair of horns on your head.


Message History

The komodo dragon is heavily wounded.
The komodo dragon bites you!!
* * * LOW HITPOINT WARNING * * *
You are too injured to fight recklessly!
You hit the komodo dragon but do no damage.
Your headbutt misses the komodo dragon.
The komodo dragon is heavily wounded.
The komodo dragon closely misses you.
You slash the komodo dragon! Your headbutt misses the komodo dragon.
The komodo dragon is almost dead.
The komodo dragon barely misses you.
You slash the komodo dragon!
The komodo dragon is almost dead.
You barely miss the komodo dragon.
The komodo dragon is almost dead.
The komodo dragon bites you but does no damage.
You closely miss the komodo dragon.
The komodo dragon is almost dead.
The komodo dragon bites you!!
You die...

## # ... ####
##./.. ...######
########......
###..##.#
#.#..........#
##....###.....@..##
##......†...##l#..#
############ .# #
## #### ...# ##.(


You could see a komodo dragon.

Vanquished Creatures
  Pikel (D:5)
  A komodo dragon (D:9)
  Grinder (D:5)
  The ghost of Sedgwick the Magician, an amateur OpWz (D:3)
  Duvessa (D:4)
  A black bear (D:6)
  2 ice beasts
  A sky beast (D:7)
  3 ogres
  2 phantoms (D:5)
  2 centaurs
  A crocodile (D:9)
  A bullfrog (D:6)
  Dowan (D:4)
  A wyvern skeleton (D:8)
  3 scorpions
  A water moccasin skeleton (D:7)
  3 wights (D:4)
  7 crimson imps
  A bullfrog zombie (D:6)
  Crazy Yiuf (D:4)
  6 hounds
  A jelly (D:6)
  7 orc wizards (D:7)
  A bullfrog skeleton (D:6)
  Jessica (D:3)
  3 iguanas
  7 worker ants
  2 killer bee zombies
  A hound skeleton (D:6)
  7 gnolls
  11 adders
  2 howler monkey skeletons
  2 shadow imps
  3 oozes (D:1)
  A worm (D:3)
  2 dart slugs
  2 leopard geckos
  9 orcs
  2 ball pythons
  3 giant cockroaches
  7 goblins
  11 hobgoblins
  9 jackals
  4 quokkas
  8 bats
  5 frilled lizards
  A jackal skeleton (D:4)
  A jackal zombie (D:8)
  9 kobolds
  A leopard gecko skeleton (D:5)
  8 rats
173 creatures vanquished.

Notes
Turn   | Place    | Note
-------+----------+-------------------------------------------
     0 | D:1      | Fraydo the Minotaur Gladiator began the quest for the Orb.
     0 | D:1      | Reached XP level 1. HP: 18/18 MP: 0/0
    12 | D:1      | Reached skill level 4 in Long Blades
    49 | D:1      | Reached XP level 2. HP: 22/25 MP: 1/1
   211 | D:1      | Reached XP level 3. HP: 22/31 MP: 2/2
   547 | D:2      | Reached skill level 5 in Long Blades
   666 | D:2      | Reached XP level 4. HP: 36/40 MP: 3/3
   919 | D:3      | Noticed Jessica
   936 | D:3      | Killed Jessica
   956 | D:3      | Noticed Sedgwick's ghost (amateur OpWz)
   972 | D:3      | Killed Sedgwick's ghost
   972 | D:3      | Reached skill level 6 in Long Blades
   972 | D:3      | Reached XP level 5. HP: 30/47 MP: 4/4
  1544 | D:3      | Reached XP level 6. HP: 50/55 MP: 5/5
  1562 | D:3      | Reached skill level 7 in Long Blades
  1751 | D:4      | Reached skill level 5 in Fighting
  1934 | D:4      | Got a spiked leather armour
  1945 | D:4      | Identified the +2 leather armour of the Seven Blessings {+Blink rElec rF++ rCorr} (You found it on level 4 of the Dungeon)
  1961 | D:4      | Found a staircase to the Ecumenical Temple.
  2079 | D:4      | Reached skill level 8 in Long Blades
  2079 | D:4      | Reached XP level 7. HP: 47/61 MP: 6/6
  2100 | D:4      | Noticed Duvessa
  2101 | D:4      | Noticed Dowan
  2115 | D:4      | Killed Duvessa
  2117 | D:4      | Killed Dowan
  2250 | D:4      | Reached skill level 9 in Long Blades
  2340 | D:4      | Found a runed door.
  2521 | D:4      | Noticed Crazy Yiuf
  2524 | D:4      | Killed Crazy Yiuf
  2589 | D:5      | Entered Level 5 of the Dungeon
  2595 | D:5      | Reached XP level 8. HP: 53/71 MP: 7/7
  2597 | D:5      | Reached skill level 10 in Long Blades
  2807 | D:5      | Found a snail-covered altar of Cheibriados.
  2939 | D:5      | Noticed Grinder
  2951 | D:5      | Killed Grinder
  2962 | D:5      | Noticed Pikel
  3008 | D:5      | Killed Pikel
  3008 | D:5      | Reached skill level 11 in Long Blades
  3251 | D:5      | Reached XP level 9. HP: 80/82 MP: 8/8
  3416 | D:6      | Reached skill level 12 in Long Blades
  4166 | Temple   | Entered the Ecumenical Temple
  4248 | Temple   | Became a worshipper of Warmaster Okawaru
  4460 | D:7      | Reached skill level 1 in Armour
  4851 | D:7      | Reached skill level 13 in Long Blades
  5171 | D:7      | Reached * piety under Okawaru
  5952 | D:9      | Noticed a komodo dragon
  5963 | D:9      | Killed a komodo dragon
  5963 | D:9      | Reached skill level 5 in Dodging
  5963 | D:9      | Reached XP level 10. HP: 30/91 MP: 9/9
  6242 | D:9      | Slain by a komodo dragon

Vault maps used:
D:1:      dpeg_arrival_shelter, st_stairs_12, minmay_ruptured
D:3:      uniq_jessica
D:4:      first_bread, uniq_duvessa, uniq_crazy_yiuf_cottage
D:5:      lemuel_doored_altar, uniq_grinder, uniq_pikel
D:7:      minmay_flawed_box
D:9:      erik_lair_dragon, serial_shops, nicolae_shop_statue_plus
Temple:   regret_index_temple_chain_breaker

Skill      XL: |  1  2  3  4  5  6  7  8  9 |
---------------+----------------------------+-----
Long Blades    | 4 5 6 8 9 11 13 | 13.5
Fighting       | 3 4 5 6 8 9 |  9.0
Armour         | 4 |  4.1
Dodging        | 5 |  5.0
Throwing       | |  2.0

Action                   |  1- 3 |  4- 6 |  7- 9 | 10-12 || total
-------------------------+-------+-------+-------+-------++-------
Melee: Long sword        |    76 |    92 |   262 |    16 ||   446
       Headbutt          |    10 |    21 |    70 |     5 ||   106
 Abil: Evoke Berserk Rag |       |     1 |     4 |       ||     5
       Evoke Blink       |       |       |     1 |       ||     1
  Use: Scroll            |       |     4 |     2 |       ||     6
 Stab: Sleeping          |     1 |       |       |       ||     1
  Eat: Chunk             |       |     5 |    10 |     1 ||    16
       Meat ration       |       |       |     1 |       ||     1
Armor: Leather armour    |    25 |    14 |    52 |     1 ||    92
Dodge: Dodged            |    60 |    63 |   145 |     4 ||   272
       Rpst.: Long sword |    18 |    17 |    53 |       ||    88
